 Dungeon Crawl Stone Soup version 0.30-a0-29-g142975f185 (webtiles) character file.

Game seed: 9735628431879402924

33 Setbun the Insei (level 3, -1/26 HPs)
             Began as a Merfolk Transmuter on Aug 27, 2022.
             Slain by an adder (4 damage)
             ... on level 2 of the Dungeon.
             The game lasted 00:02:21 (1641 turns).

Setbun the Insei (Merfolk Transmuter)               Turns: 1641, Time: 00:02:22

Health: -1/26      AC:  2    Str: 12    XL:     3   Next: 29%
Magic:  6/6        EV: 13    Int: 12    God:
Gold:   160        SH:  0    Dex: 14    Spells: 5/6 levels left

rFire   . . .      SeeInvis +      - Unarmed
rCold   . . .      Faith    .    (no shield)
rNeg    . . .      Spirit   .    a - +0 robe
rPois   .          Reflect  .    (helmet currently unavailable)
rElec   .          Harm     .    (no cloak)
rCorr   .          Rampage  .    (no gloves)
Will    .....                    (boots currently unavailable)
Stlth   +.........               (no amulet)
HPRegen 0.08/turn                c - ring of see invisible
MPRegen 0.10/turn                (no ring)

@: lethally poisoned (-1 -> -6), appendages (expiring)
A: horns 2, (nimble swimmer 2), mertail
a: End Transformation


You were on level 2 of the Dungeon.
You had temporarily grown beastly horns.
You visited 1 branch of the dungeon, and saw 2 of its levels.

You collected 160 gold pieces.

Inventory:

Armour
 a - a +0 robe (worn)
 k - a +0 helmet (melded)
Jewellery
 c - a ring of see invisible (left hand)
 h - an amulet of faith
Scrolls
 g - a scroll of teleportation {unknown}
 i - a scroll of identify {unknown}
 j - a scroll of magic mapping {unknown}
Potions
 b - a potion of lignification
 e - a potion of flight {unknown}
 f - 2 potions of haste {unknown}


   Skills:
 * Level 1.4 Fighting
 * Level 3.3 Dodging
 * Level 4.2 Unarmed Combat
 + Level 2.0 Spellcasting
 + Level 2.7 Transmutations


You had 5 spell levels left.
You knew the following spells:

 Your Spells              Type           Power      Damage    Failure   Level
a - Beastly Appendage     Tmut           14%        N/A       9%          1

Your spell library contained the following spells:

 Spells                   Type           Power      Damage    Failure   Level
 Wereblood                Tmut           7%         N/A       14%         2
 Static Discharge         Conj/Air       2%         3-4/arc   38%         2
 Spider Form              Tmut/Pois      4%         N/A       43%         3
 Ice Form                 Ice/Tmut       4%         N/A       83%         4
 Dispel Undead            Necr           1%         3d6       95%         4
 Sticky Flame             Conj/Fire      1%         2d3       95%         4


Dungeon Overview and Level Annotations

Branches:
Dungeon (2/15)

Altars:


Innate Abilities, Weirdness & Mutations

You have temporarily grown beastly horns.
((You are very nimble when in or above water. (Stealth+, EV+, Speed+++)))
Your lower body shifts to a powerful aquatic tail in water.


Message History

You barely miss the adder.
The adder is severely wounded.
You feel sick.
You are no longer poisoned.
The adder closely misses you.
You hit the adder.
The adder is almost dead.
The adder closely misses you. x2
You miss the adder. Your headbutt misses the adder.
The adder is almost dead.
The adder bites you.
You are poisoned.
The adder poisons you!
You miss the adder.
The adder is almost dead.
Your transformation is almost over.
You feel sick. The adder bites you.
You are lethally poisoned!
The adder poisons you!
You bump into the rock wall.
You feel less invigorated.
You feel less confused.
You feel very sick. The adder closely misses you.
You hit the adder but do no damage.
The adder is almost dead.
You feel sick. The adder closely misses you. x2
You closely miss the adder.
The adder is severely wounded.
You feel sick. The adder barely misses you.
You hit the adder. Your headbutt misses the adder.
The adder is almost dead.
* * * LOW HITPOINT WARNING * * *
You feel sick. The adder bites you.
* * * LOW HITPOINT WARNING * * *
You are too injured to fight recklessly!
You closely miss the adder.
The adder is almost dead.
* * * LOW HITPOINT WARNING * * *
You feel sick. The adder bites you.
You die...

##################
.................#
#########.######[#
.............#@#
##.####.####.#S#
#########.## #.#
...........# #.#
#########.## #.#
#.# #.# #.# ..#
#.# ### #..


You could see an adder.

Vanquished Creatures
  A dart slug (D:2)
  2 bats (D:2)
  2 endoplasms
  2 giant cockroaches (D:1)
  A hobgoblin (D:2)
  3 jackals (D:1)
  6 kobolds (D:1)
  A quokka (D:1)
  4 ball pythons
  A frilled lizard (D:1)
  8 rats
31 creatures vanquished.

Notes
Turn   | Place    | Note
-------+----------+-------------------------------------------
     0 | D:1      | Setbun the Merfolk Transmuter began the quest for the Orb.
     0 | D:1      | Reached XP level 1. HP: 15/15 MP: 3/3
   223 | D:1      | Reached XP level 2. HP: 16/21 MP: 3/5
   710 | D:1      | Reached skill level 4 in Unarmed Combat
  1194 | D:2      | Reached XP level 3. HP: 21/26 MP: 4/6
  1631 | D:2      | HP: 1/26 [poisoned by an adder]
  1641 | D:2      | Slain by an adder

Illustrated notes

Levels and vault maps discovered:
D:1:      dpeg_arrival_long_road, layout_rooms
D:2:      layout_basic, minmay_nonomino_d4

Skill      XL: |  1  2 |
---------------+-------+-----
Dodging        | 3 |  3.3
Unarmed Combat | 4 |  4.2
Fighting       | |  1.4
Spellcasting   | |  2.0
Transmutations | |  2.7

Action                   || total
-------------------------++-------
Melee: Unarmed           ||   104
       Headbutt          ||    14
 Cast: Beastly Appendage ||    17
  Use: Potion            ||     1
Armor: Robe              ||    18
Dodge: Dodged            ||    60

Table legend: (Time is in decaauts)
 A = Elapsed time spent in this place.
 B = Non-inter-level travel time spent in this place.
 C = Inter-level travel time spent in this place.
 D = Time resting spent in this place.
 E = Time spent auto-exploring this place.
 F = Levels seen in this place.
 G = Mean time per level.
                   A        B        C        D        E       F      G
               +--------+--------+--------+--------+--------+-----+--------+
         Total |   1632 |   1626 |      6 |    253 |   1146 |   2 |  816.0 |
       Dungeon |   1632 |   1626 |      6 |    253 |   1146 |   2 |  816.0 |
               +--------+--------+--------+--------+--------+-----+--------+

Top non-repeatable levels by time:
     D:1: 1048 daAuts
     D:2: 584 daAuts
